 Dungeon Crawl Stone Soup version 0.29.0-4-gdea44cf6ec (webtiles) character file.

Game seed: 11603158666501816296

23 qw the Chopper (level 2, -3/17 HPs)
             Began as a Tengu Warper on Aug 28, 2022.
             Killed from afar by Natasha (7 damage)
             ... with a magic dart
             ... on level 2 of the Dungeon.
             The game lasted 00:00:05 (1235 turns).

qw the Chopper (Tengu Warper)                       Turns: 1235, Time: 00:00:06

Health: -3/17      AC:  6    Str: 11    XL:     2   Next: 95%
Magic:  6/6        EV: 10    Int: 13    God:
Gold:   44         SH:  0    Dex: 13    Spells: 5/5 levels left

rFire   . . .      SeeInvis .   Y - +0 hand axe
rCold   . . .      Faith    .   (no shield)
rNeg    . . .      Spirit   .   h - +1 ring mail {rPois}
rPois   +          Reflect  .   (helmet restricted)
rElec   .          Harm     .   (no cloak)
rCorr   .          Rampage  .   (no gloves)
Will    .....                   (boots unavailable)
Stlth   +.........              (no amulet)
HPRegen 0.05/turn               (no ring)
MPRegen 0.10/turn               (no ring)

@: no status effects
A: beak, talons 3
a: no special abilities


You were on level 2 of the Dungeon.
You visited 1 branch of the dungeon, and saw 2 of its levels.

You collected 44 gold pieces.


Innate Abilities, Weirdness & Mutations

You have a beak for a mouth.
You have claws for feet.


   Skills:
 - Level 2.0 Fighting
 + Level 3.7 Axes
 - Level 1.0 Throwing
 - Level 1.1 Armour
 - Level 2.1 Dodging
 - Level 2.0 Spellcasting
 - Level 2.4 Translocations


You had 5 spell levels left.
You didn't know any spells.
Your spell library contained the following spells:

 Spells                   Type           Power      Damage    Failure   Level
 Blink                    Tloc           14%        N/A       34%         2
 Gell's Gravitas          Tloc           7%         N/A       56%         3
 Lesser Beckoning         Tloc           7%         N/A       56%         3
 Teleport Other           Tloc           7%         N/A       56%         3
 Manifold Assault         Tloc           7%         N/A       99%         5

Inventory:

Hand Weapons
 e - a +0 club
 Y - a +0 hand axe (weapon)
Armour
 h - a +1 ring mail of poison resistance (worn)
Scrolls
 a - a scroll of identify
Potions
 d - a potion of attraction {unknown}

Dungeon Overview and Level Annotations

Branches:
Dungeon (2/15)

Altars:

Annotations:
D:2 Natasha


Message History

The hobgoblin completely misses you.
You hit the hobgoblin.
You kill the hobgoblin!
You start resting.
HP restored.
Done exploring.
(D) Dungeon
Where to? (* - list waypoints, Enter - D:2, ? - help)
What level of the Dungeon? (default 1, ? - help)
You climb downwards.
Level annotation: Natasha
There is a stone staircase leading up here.
Natasha is nearby!
Natasha claws you but does no damage.
You barely miss Natasha. Natasha claws you.
You closely miss Natasha. You claw Natasha. You peck Natasha.
Natasha is lightly wounded.
Natasha claws you.
You barely miss Natasha. You claw Natasha, but do no damage.
Natasha is lightly wounded.
Natasha casts a spell at you. You resist with significant effort.
You hit Natasha. You claw Natasha.
Natasha is heavily wounded.
Natasha extends her claws.
Natasha claws you but does no damage.
You hit Natasha. Your kick misses Natasha.
Natasha is heavily wounded.
Natasha closely misses you.
You hit Natasha but do no damage. You claw Natasha, but do no damage.
Natasha is heavily wounded.
Natasha mewls in sadness.
Natasha stares at you and mumbles some strange words.
The magic dart hits you.
You hit Natasha but do no damage. You peck Natasha.
Natasha is severely wounded.
Natasha stares at you and mumbles some strange words.
The magic dart hits you!
You die...

##### ...# #####
# ###.##......
#...#...<>.#.##
......h@........
#.......###.####
......### #
##..## #. #


You could see Natasha.

Vanquished Creatures
  A giant cockroach (D:1)
  A hobgoblin (D:1)
  2 jackals (D:1)
  5 kobolds (D:1)
  A quokka (D:1)
  3 ball pythons
  A bat (D:1)
  A frilled lizard (D:1)
  4 goblins (D:1)
  3 rats (D:1)
22 creatures vanquished.

Notes
Turn   | Place    | Note
-------+----------+-------------------------------------------
     0 | D:1      | qw the Tengu Warper began the quest for the Orb.
     0 | D:1      | Reached XP level 1. HP: 12/12 MP: 4/4
     0 | D:1      | 0 ||| qw: Version: 0.1-a-89-g26bdef1
     0 | D:1      | 0 ||| qw: Game counter: 3393
     0 | D:1      | 0 ||| qw: Always use a shield: true
     0 | D:1      | 0 ||| qw: God list: Okawaru
     0 | D:1      | 0 ||| qw: Allow faded altars: false
     0 | D:1      | 0 ||| qw: Do Orc after D:15 true
     0 | D:1      | 0 ||| qw: Do second Lair branch before Depths: true
     0 | D:1      | 0 ||| qw: Lair rune preference: random
     0 | D:1      | 0 ||| qw: Plans: Normal
     0 | D:1      | 0 ||| PLANNING D:1-11
   221 | D:1      | Found a faded altar of an unknown god.
   301 | D:1      | Reached skill level 3 in Axes
   301 | D:1      | Reached XP level 2. HP: 17/17 MP: 6/6
  1156 | D:1      | 1156 ||| UPGRADING to +1 ring mail of poison resistance.
  1166 | D:1      | 1166 ||| DROPPING +0 leather armour.
  1167 | D:1      | 1167 ||| READING 2 scrolls labelled ZIHAENU NURGHAE.
  1168 | D:1      | 1168 ||| READING scroll labelled GARUZ DELEJOL.
  1169 | D:1      | 1169 ||| DROPPING scroll of blinking.
  1206 | D:2      | Noticed Natasha
  1207 | D:2      | 1207 ||| STAIRDANCE
  1234 | D:2      | HP: 4/17 [Natasha/magic dart (4)]
  1235 | D:2      | Killed from afar by Natasha

Levels and vault maps discovered:
D:1:      dpeg_arrival_round_c, layout_basic, serial_aquarium,
          aquarium_bridge_square [aquarium_subvault_bridge,
          aquarium_subvault_wall, aquarium_subvault_window,
          aquarium_subvault_bridge], aquarium_window_2, aquarium_window_fake,
          aquarium_window_3, aquarium_window_1, aquarium_view_2e,
          aquarium_balcony_3a, ebering_ecumenical_altar_hall,
          serial_bayou_crossing
D:2:      layout_loops_ring, basic_altar, uniq_natasha

Skill      XL: |  1 |
---------------+----+-----
Axes           | 3 |  3.7
Fighting       | |  2.0
Throwing       | |  1.0
Armour         | |  1.1
Dodging        | |  2.1
Spellcasting   | |  2.0
Translocations | |  2.4

Action                   || total
-------------------------++-------
Melee: Hand axe          ||    42
       Kick              ||    11
       Peck              ||     7
Throw: Boomerang         ||     7
  Use: Scroll            ||     2
Armor: Leather armour    ||     7
       Ring mail         ||     2
Dodge: Dodged            ||     9

Table legend:
 A = Non-vault XP
 B = Vault XP
 C = Vault XP percentage of total XP
 D = Non-vault monster count
 E = Vault monster count
 F = Vault count percentage of total count
                 A         B        C        D         E       F
            +---------+---------+-------+---------+---------+-------
      Total |      33 |       0 |   0.0 |      22 |       0 |   0.0
            +---------+---------+-------+---------+---------+-------
        D:1 |      31 |       0 |   0.0 |      21 |       0 |   0.0
        D:2 |       2 |       0 |   0.0 |       1 |       0 |   0.0
            +---------+---------+-------+---------+---------+-------
